 Dungeon Crawl Stone Soup version 0.22-a0-479-gc6e99f3 (webtiles) character file.

12354 iamserjio the Covert (level 11, -6/84 (86) HPs)
             Began as a Gnoll Assassin on June 14, 2018.
             Was an Elder of Cheibriados.
             Mangled by an orc warrior
             ... wielding a +0 long sword
              (14 damage)
             ... while paralysed by an orc sorcerer
             ... on level 1 of the Orcish Mines.
             The game lasted 01:11:09 (5429 turns).

iamserjio the Covert (Gnoll Assassin)               Turns: 5429, Time: 01:11:10

HP:   -6/84 (86)    AC: 16    Str: 23    XL:     11   Next: 92%
MP:   18/20         EV:  2    Int: 30    God:    Cheibriados [****..]
Gold: 969           SH:  0    Dex: 28    Spells: 13/23 levels left

rFire    . . .     SeeInvis .   f - +1 war axe (elec)
rCold    + . .     Gourm    .   y - +0 buckler
rNeg     . . .     Faith    .   n - +0 scale mail
rPois    .         Spirit   .   K - +0 helmet
rElec    +         Reflect  .   d - +1 cloak
rCorr    +         Harm     .   Q - +2 pair of gloves
MR       .....                  o - +1 pair of boots
Stlth    +++++.....             (no amulet)
HPRegen  0.24/turn              C - ring of resist corrosion
MPRegen  0.17/turn              S - ring of the Sky {rElec rC+ Int+4 Stlth+}

@: paralysed, drained, very slow
A: distributed training, fangs 1, strong nose
a: Bend Time, Temporal Distortion, Slouch, Renounce Religion


You were on level 1 of the Orcish Mines.
You worshipped Cheibriados.
Cheibriados was greatly pleased with you.
You were hungry.

You visited 4 branches of the dungeon, and saw 14 of its levels.
You also visited: Sewer and Ossuary.

You collected 1291 gold pieces.
You spent 322 gold pieces at shops.

Inventory:

Hand Weapons
 a - a +2 morningstar of holy wrath
 b - a +0 blowgun
 f - a +1 war axe of electrocution (weapon)
 k - a +1 short sword of protection
 w - a +0 hand crossbow
 x - a +0 hunting sling
 M - a +2 vampiric scimitar
 U - a +0 battleaxe of flaming
 X - a +2 whip of pain
Missiles
 e - 11 poisoned needles
 t - 7 tomahawks (quivered)
 B - a stone
 D - 32 sling bullets
 J - a curare-tipped needle {!f}
 N - 15 bolts
Armour
 d - a +1 cloak (worn)
 i - a +0 robe of magic resistance
 n - a +0 scale mail (worn)
 o - a +1 pair of boots (worn)
 r - a +0 chain mail
 u - a +0 plate armour
 y - a +0 buckler (worn)
 H - a +0 plate armour of magic resistance
 K - a +0 helmet (worn)
 Q - a +2 pair of gloves (worn)
 T - a +2 plate armour of cold resistance
 W - a +0 troll leather armour
Jewellery
 C - a ring of resist corrosion (left hand)
 S - the ring of the Sky (right hand) {rElec rC+ Int+4 Stlth+}
   (You found it on level 10 of the Dungeon)

   [ring of stealth]

   It affects your intelligence (+4).
   It protects you from cold.
   It insulates you from electricity.
   It makes you more stealthy.
Scrolls
 j - a scroll of magic mapping
 l - 3 scrolls of amnesia
 m - 4 scrolls of fog
 p - 7 scrolls of remove curse {@r2}
 q - 2 scrolls of immolation
 s - 6 scrolls of teleportation
 v - 2 scrolls of enchant weapon
 A - a scroll of random uselessness {unknown}
 F - 2 scrolls of blinking
 G - a scroll of fear {unknown}
 R - a scroll of summoning {unknown}
Potions
 c - a potion of mutation
 h - 4 potions of flight
 z - a potion of heal wounds
 E - a potion of might {unknown}
 I - a potion of invisibility {unknown}
 L - a potion of berserk rage {unknown}
 O - 2 potions of curing {@q1}
 P - a potion of ambrosia {unknown}
Comestibles
 g - 5 rations


   Skills:
 + Level 8.1(6.9) Fighting
 + Level 8.1(6.9) Short Blades
 + Level 6.6(5.4) Long Blades
 + Level 6.6(5.4) Axes
 + Level 6.6(5.4) Maces & Flails
 + Level 6.6(5.4) Polearms
 + Level 6.6(5.4) Staves
 + Level 6.6(5.4) Slings
 + Level 6.6(5.4) Bows
 + Level 6.6(5.4) Crossbows
 + Level 8.1(6.9) Throwing
 + Level 6.6(5.4) Armour
 + Level 7.2(5.9) Dodging
 + Level 10.2(8.9) Stealth
 + Level 6.6(5.4) Shields
 + Level 6.6(5.4) Unarmed Combat
 + Level 6.6(5.4) Spellcasting
 + Level 5.5(4.3) Conjurations
 + Level 5.5(4.3) Hexes
 + Level 5.5(4.3) Charms
 + Level 5.5(4.3) Summonings
 + Level 5.5(4.3) Necromancy
 + Level 5.5(4.3) Translocations
 + Level 5.5(4.3) Transmutations
 + Level 5.5(4.3) Fire Magic
 + Level 5.5(4.3) Ice Magic
 + Level 5.5(4.3) Air Magic
 + Level 5.5(4.3) Earth Magic
 + Level 5.5(4.3) Poison Magic
 + Level 7.2(6.0) Invocations
 + Level 6.6(5.4) Evocations


You had 13 spell levels left.
You knew the following spells:

 Your Spells              Type           Power        Failure   Level  Hunger
a - Shroud of Golubria    Chrm/Tloc      ####......   3%          2    None
b - Spectral Weapon       Hex/Chrm       ####....     7%          3    None
c - Regeneration          Chrm/Necr      ####......   7%          3    None
d - Song of Slaying       Chrm           ####....     3%          2    None

Your spell library contained the following spells:

 Spells                   Type           Power        Failure   Level  Hunger
 Infusion                 Chrm           ####         2%          1    None


Dungeon Overview and Level Annotations

Branches:
Dungeon (10/15)            Temple (1/1) D:5             Orc (2/2) D:10
    Elf (1/3) Orc:2
   Lair: D:8-11

Altars:
Ashenzari
Cheibriados
Dithmenos
Elyvilon
Fedhas
Gozag
Hepliaklqana
Kikubaaqudgha
Makhleb
Nemelex Xobeh
Okawaru
Qazlal
Ru
Sif Muna
Trog
Uskayaw
Vehumet
Wu Jian
Xom
Yredelemnul
Zin
The Shining One

Shops:
D:8 *?(   D:10 (   Orc:2 =


Innate Abilities, Weirdness & Mutations

Your experience applies equally to all skills.
You have very sharp teeth.
Your uncanny sense of smell can sniff out nearby items.


Message History

The orc sorcerer casts a spell at you.
You suddenly lose the ability to move!
Your shroud bends the orc warrior's attack away.
The orc sorcerer hits you but does no damage.
The orc warrior hits you with a long sword.
The orc sorcerer gestures at you while chanting.
Helpless, you fail to dodge the bolt of negative energy.
You feel drained.
The orc warrior hits you with a long sword.
Your shroud falls apart!
The orc sorcerer casts a spell at you.
Helpless, you fail to dodge the bolt of negative energy.
You feel drained.
* * * LOW HITPOINT WARNING * * *
The orc sorcerer hits you but does no damage.
The orc warrior hits you with a long sword!
* * * LOW HITPOINT WARNING * * *
The orc sorcerer barely misses you.
The orc warrior hits you with a long sword!
You die...

*** ####### *###****** #
**,*** ###.#.#.###..##,#.,**
#
*,.,,**##...................*
#
**...,*#................#..##
#
*#...,##..........##.......#
#
*....##..........#.##......#
#
*#........................##
# ***,#.......@..)[[........#
## *###.....oo............#*
.#* ##.#.............[#....##
#.#*
#.......................#
...#
##.#...................##
#.## ##.#.................##
.##* #..............#.....#
...** ##.##......##.#......##
...,* #...#......#####..#...#


You could see an orc sorcerer and an orc warrior.

Vanquished Creatures
  2 two-headed ogres
  An orc high priest (Orc:2)
  2 orc knights (Orc:1)
  3 orc sorcerers (Orc:2)
  2 ice devils (Orc:1)
  3 trolls
  A hippogriff (D:10)
  A slime creature (D:9)
  2 wargs
  28 orc warriors
  4 sky beasts
  2 ice beasts
  A necrophage (D:6)
  3 phantoms
  7 centaurs
  9 ogres
  3 big kobolds (Sewer)
  An elf zombie (Ossuary)
  A wyvern zombie (D:7)
  A howler monkey (D:5)
  A centaur zombie (Ossuary)
  A crimson imp (D:8)
  3 hounds
  A bullfrog zombie (D:7)
  2 centaur skeletons
  A quasit (D:10)
  16 orc priests
  11 orc wizards
  2 iguanas
  A worker ant (D:9)
  3 big kobold zombies (Ossuary)
  2 mummies (Ossuary)
  A howler monkey zombie (D:10)
  3 worker ant zombies
  A river rat (Sewer)
  11 adders
  A shadow imp (D:6)
  A white imp (D:8)
  7 oozes
  3 adder skeletons
  An adder zombie (Ossuary)
  A worm (Sewer)
  3 leopard geckos (D:3)
  53 orcs
  5 ball pythons
  7 bats
  2 giant cockroaches
  A goblin (D:1)
  2 hobgoblins (D:3)
  6 jackals
  A quokka (D:2)
  3 frilled lizards
  13 hobgoblin zombies (Ossuary)
  A jackal zombie (Ossuary)
  6 kobolds
  7 kobold zombies (Ossuary)
  6 orc zombies (Ossuary)
  9 rats
  3 rat zombies (Ossuary)
279 creatures vanquished.

Vanquished Creatures (collateral kills)
  A hippogriff (D:8)
1 creature vanquished.

Vanquished Creatures (others)
  An orc warrior (D:10)
  An orc priest (D:6)
  7 fungi (Orc:2)
9 creatures vanquished.

Grand Total: 289 creatures vanquished

Notes
Turn   | Place    | Note
-------+----------+-------------------------------------------
     0 | D:1      | iamserjio the Gnoll Assassin began the quest for the Orb.
     0 | D:1      | Reached XP level 1. HP: 20/20 MP: 1/1
    96 | D:1      | Reached XP level 2. HP: 25/26 MP: 2/2
   290 | D:1      | Reached XP level 3. HP: 10/31 MP: 3/3
   424 | D:3      | Reached skill level 1 in Invocations
   499 | D:4      | Reached skill level 1 in Long Blades
   499 | D:4      | Reached skill level 1 in Axes
   499 | D:4      | Reached skill level 1 in Maces & Flails
   499 | D:4      | Reached skill level 1 in Polearms
   499 | D:4      | Reached skill level 1 in Staves
   499 | D:4      | Reached skill level 1 in Slings
   499 | D:4      | Reached skill level 1 in Bows
   499 | D:4      | Reached skill level 1 in Crossbows
   499 | D:4      | Reached skill level 1 in Armour
   499 | D:4      | Reached skill level 1 in Shields
   499 | D:4      | Reached skill level 1 in Unarmed Combat
   499 | D:4      | Reached skill level 1 in Spellcasting
   499 | D:4      | Reached skill level 1 in Evocations
   513 | D:3      | Reached XP level 4. HP: 15/38 MP: 5/5
   639 | D:4      | Found a stormy altar of Qazlal.
   755 | D:4      | Found an opulent altar of Gozag.
   886 | D:4      | Reached skill level 1 in Conjurations
   886 | D:4      | Reached skill level 1 in Hexes
   886 | D:4      | Reached skill level 1 in Charms
   886 | D:4      | Reached skill level 1 in Summonings
   886 | D:4      | Reached skill level 1 in Necromancy
   886 | D:4      | Reached skill level 1 in Translocations
   886 | D:4      | Reached skill level 1 in Transmutations
   886 | D:4      | Reached skill level 1 in Fire Magic
   886 | D:4      | Reached skill level 1 in Ice Magic
   886 | D:4      | Reached skill level 1 in Air Magic
   886 | D:4      | Reached skill level 1 in Earth Magic
   886 | D:4      | Reached skill level 1 in Poison Magic
   901 | D:5      | Entered Level 5 of the Dungeon
   929 | D:5      | Reached XP level 5. HP: 33/43 MP: 5/7
   931 | D:5      | Noticed an ogre
   939 | D:5      | Killed an ogre
   949 | D:5      | Reached skill level 8 in Stealth
   950 | D:5      | Found a glowing drain.
   968 | Sewer    | Entered a sewer
  1001 | Sewer    | Reached XP level 6. HP: 44/50 MP: 8/8
  1109 | Sewer    | Reached skill level 5 in Fighting
  1109 | Sewer    | Reached skill level 5 in Short Blades
  1109 | Sewer    | Reached skill level 5 in Throwing
  1438 | Sewer    | Reached XP level 7. HP: 28/56 MP: 10/10
  1569 | D:5      | Found a staircase to the Ecumenical Temple.
  1580 | Temple   | Entered the Ecumenical Temple
  1619 | Temple   | Became a worshipper of Cheibriados the Contemplative
  2245 | D:6      | Reached XP level 8. HP: 54/63 MP: 12/12
  2313 | D:6      | Reached * piety under Cheibriados
  2332 | D:6      | Found a blossoming altar of Fedhas.
  2760 | D:6      | Learned a level 2 spell: Shroud of Golubria
  2764 | D:6      | Learned a level 3 spell: Spectral Weapon
  2768 | D:6      | Learned a level 3 spell: Regeneration
  2771 | D:6      | Learned a level 2 spell: Song of Slaying
  2876 | D:7      | Found a sand-covered staircase.
  2884 | Ossuary  | Entered an ossuary
  2949 | Ossuary  | Reached ** piety under Cheibriados
  3100 | D:7      | Reached XP level 9. HP: 63/67 MP: 14/14
  3259 | D:8      | Reached *** piety under Cheibriados
  3271 | D:8      | Found Wubromyi's Magic Scroll Shoppe.
  3272 | D:8      | Noticed a two-headed ogre
  3297 | D:8      | Killed a two-headed ogre
  3297 | D:8      | Reached skill level 5 in Dodging
  3297 | D:8      | Reached skill level 9 in Stealth
  3320 | D:8      | Bought a scroll of identify for 28 gold pieces
  3320 | D:8      | Bought a scroll of amnesia for 49 gold pieces
  3320 | D:8      | Bought a scroll of teleportation for 42 gold pieces
  3320 | D:8      | Bought a scroll of teleportation for 42 gold pieces
  3320 | D:8      | Bought a scroll of teleportation for 42 gold pieces
  3320 | D:8      | Bought a scroll of immolation for 49 gold pieces
  3320 | D:8      | Bought a scroll of remove curse for 42 gold pieces
  3320 | D:8      | Bought a scroll of fog for 28 gold pieces
  3330 | D:8      | Found Gunopeiq's General Store.
  3502 | D:8      | Found Wifeuxi's Antique Weapon Boutique.
  3548 | D:8      | Reached skill level 5 in Invocations
  3817 | D:9      | Reached **** piety under Cheibriados
  3851 | D:9      | Reached XP level 10. HP: 75/75 MP: 17/17
  3948 | D:9      | Found a shimmering altar of Xom.
  3948 | D:9      | Found a shimmering altar of Xom.
  3969 | D:10     | Entered Level 10 of the Dungeon
  4002 | D:10     | Noticed a two-headed ogre
  4016 | D:10     | Killed a two-headed ogre
  4016 | D:10     | Reached skill level 5 in Long Blades
  4016 | D:10     | Reached skill level 5 in Axes
  4016 | D:10     | Reached skill level 5 in Maces & Flails
  4016 | D:10     | Reached skill level 5 in Polearms
  4016 | D:10     | Reached skill level 5 in Staves
  4016 | D:10     | Reached skill level 5 in Slings
  4016 | D:10     | Reached skill level 5 in Bows
  4016 | D:10     | Reached skill level 5 in Crossbows
  4016 | D:10     | Reached skill level 5 in Armour
  4016 | D:10     | Reached skill level 5 in Shields
  4016 | D:10     | Reached skill level 5 in Unarmed Combat
  4016 | D:10     | Reached skill level 5 in Spellcasting
  4016 | D:10     | Reached skill level 5 in Evocations
  4108 | D:10     | Found a staircase to the Orcish Mines.
  4114 | D:10     | Found Jemeegiq's Weapon Boutique.
  4150 | Orc:1    | Entered Level 1 of the Orcish Mines
  4437 | Orc:1    | Noticed an orc knight
  4584 | D:10     | Got a shimmering bronze ring
  4664 | Orc:1    | Killed an orc knight
  4664 | Orc:1    | Reached XP level 11. HP: 26/82 MP: 11/19
  4771 | Orc:2    | Entered Level 2 of the Orcish Mines
  4779 | Orc:2    | Noticed an orc knight
  4807 | Orc:1    | Killed an orc knight
  4832 | Orc:1    | Identified the ring of the Sky {rElec rC+ Int+4 Stlth+} (You found it on level 10 of the Dungeon)
  4897 | Orc:2    | Found a staircase to the Elven Halls.
  4899 | Orc:2    | Noticed an orc high priest
  4905 | Orc:2    | Noticed a sixfirhy
  4910 | Elf:1    | Entered Level 1 of the Elven Halls
  4987 | Orc:2    | Killed an orc high priest
  4987 | Orc:2    | Reached skill level 5 in Conjurations
  4987 | Orc:2    | Reached skill level 5 in Hexes
  4987 | Orc:2    | Reached skill level 5 in Charms
  4987 | Orc:2    | Reached skill level 5 in Summonings
  4987 | Orc:2    | Reached skill level 5 in Necromancy
  4987 | Orc:2    | Reached skill level 5 in Translocations
  4987 | Orc:2    | Reached skill level 5 in Transmutations
  4987 | Orc:2    | Reached skill level 5 in Fire Magic
  4987 | Orc:2    | Reached skill level 5 in Ice Magic
  4987 | Orc:2    | Reached skill level 5 in Air Magic
  4987 | Orc:2    | Reached skill level 5 in Earth Magic
  4987 | Orc:2    | Reached skill level 5 in Poison Magic
  5005 | Orc:2    | Found Ciuf's Jewellery Boutique.
  5077 | Orc:2    | Noticed an orc sorcerer
  5089 | Orc:2    | Killed an orc sorcerer
  5089 | Orc:2    | Reached skill level 10 in Stealth
  5140 | Orc:2    | Noticed an orc sorcerer
  5158 | Orc:2    | Killed an orc sorcerer
  5209 | Orc:2    | Noticed an orc sorcerer
  5218 | Orc:2    | Killed an orc sorcerer
  5413 | Orc:2    | Noticed an orc sorcerer
  5424 | Orc:1    | Paralysed by an orc sorcerer for 6 turns
  5429 | Orc:1    | Mangled by an orc warrior

Vault maps used:
D:1:      onia_arrival_mini_maze
D:2:      first_ration, uniq_jessica
D:3:      chequers_ecumenical_altar_island, minmay_cut_off
D:4:      kennysheep_mini, grunt_qazlal_clouds
D:5:      minmay_temple_entry_glassed_door, cheibrodos_sewer_entry_drain,
          uniq_blork_the_orc
D:6:      fedhas_bush_and_centaur_altar
D:7:      nicolae_ossuary_entry_monument, lemuel_flamethrower_2
D:8:      lair_entry_dummy, serial_shops, nicolae_shop_trees, shop_fountains,
          kennysheep_little_box, minmay_fire_ice_demons
D:9:      xom_shifter_show
D:10:     orc_david_3
Temple:   kilobyte_greek_temple
Orc:1:    portal_ice_cave_demonic_guard
Orc:2:    grunt_orc_gardens, grunt_orc_garden, grunt_orc_garden,
          grunt_orc_garden, grunt_orc_garden
Elf:1:    hangedman_elf_disciples
Sewer:    sewer_co_tree
Ossuary:  ossuary_tomb_1

Skill      XL: |  1  2  3  4  5  6  7  8  9 10 11 |
---------------+----------------------------------+-----
Invocations    | 1 2 3 4 5 6 7 |  7.2
Long Blades    | 1 2 3 4 5 6 |  6.6
Axes           | 1 2 3 4 5 6 |  6.6
Maces & Flails | 1 2 3 4 5 6 |  6.6
Polearms       | 1 2 3 4 5 6 |  6.6
Staves         | 1 2 3 4 5 6 |  6.6
Slings         | 1 2 3 4 5 6 |  6.6
Bows           | 1 2 3 4 5 6 |  6.6
Crossbows      | 1 2 3 4 5 6 |  6.6
Armour         | 1 2 3 4 5 6 |  6.6
Shields        | 1 2 3 4 5 6 |  6.6
Unarmed Combat | 1 2 3 4 5 6 |  6.6
Spellcasting   | 1 2 3 4 5 6 |  6.6
Evocations     | 1 2 3 4 5 6 |  6.6
Conjurations   | 1 2 3 4 5 |  5.5
Hexes          | 1 2 3 4 5 |  5.5
Charms         | 1 2 3 4 5 |  5.5
Summonings     | 1 2 3 4 5 |  5.5
Necromancy     | 1 2 3 4 5 |  5.5
Translocations | 1 2 3 4 5 |  5.5
Transmutations | 1 2 3 4 5 |  5.5
Fire Magic     | 1 2 3 4 5 |  5.5
Ice Magic      | 1 2 3 4 5 |  5.5
Air Magic      | 1 2 3 4 5 |  5.5
Earth Magic    | 1 2 3 4 5 |  5.5
Poison Magic   | 1 2 3 4 5 |  5.5
Dodging        | 3 4 5 6 7 |  7.2
Stealth        | 8 9 10 | 10.2
Fighting       | 5 6 7 8 |  8.1
Short Blades   | 5 6 7 8 |  8.1
Throwing       | 5 6 7 8 |  8.1

Action                   |  1- 3 |  4- 6 |  7- 9 | 10-12 || total
-------------------------+-------+-------+-------+-------++-------
Melee: Dagger            |    84 |   219 |    66 |       ||   369
       Bite              |     7 |    22 |    38 |    67 ||   134
       Short sword       |       |       |   140 |       ||   140
       War axe           |       |       |   144 |   306 ||   450
 Fire: Blowgun           |    14 |     8 |    22 |     8 ||    52
       Hunting sling     |       |     5 |     3 |       ||     8
       Hand crossbow     |       |       |    16 |    12 ||    28
Throw: Stone             |       |       |    14 |     9 ||    23
       Tomahawk          |       |       |       |     9 ||     9
 Cast: Song of Slaying   |       |       |     1 |     1 ||     2
       Regeneration      |       |       |       |    38 ||    38
       Shroud of Golubri |       |       |       |    11 ||    11
       Spectral Weapon   |       |       |       |     2 ||     2
Invok: Temporal Distorti |       |       |       |     4 ||     4
       Slouch            |       |       |       |     3 ||     3
Evoke: Wand              |       |       |     4 |     1 ||     5
  Use: Scroll            |       |     5 |     7 |     8 ||    20
       Potion            |       |       |     1 |     1 ||     2
 Stab: Sleeping          |     7 |     2 |    10 |     4 ||    23
       Distracted        |       |       |     1 |       ||     1
  Eat: Chunk             |       |     1 |     4 |     2 ||     7
       Ration            |       |       |     1 |     1 ||     2
Armor: Robe              |    18 |     8 |       |       ||    26
       Leather armour    |       |    32 |    39 |       ||    71
       Skin              |       |       |    22 |     7 ||    29
       Scale mail        |       |       |    58 |    88 ||   146
       Chain mail        |       |       |       |    23 ||    23
Dodge: Dodged            |    77 |    63 |   161 |   252 ||   553
Block: Buckler           |       |    34 |    72 |   159 ||   265

Table legend:
 A = Spawn XP
 B = Non-spawn XP
 C = Spawn XP percentage of total XP
 D = Spawn monster count
 E = Non-spawn monster count
 F = Spawn count percentage of total count
 G = Total turns spent on level
                    A         B        C        D         E        F      G
               +---------+---------+-------+---------+---------+-------+---------
         Total |       0 |   17649 |   0.0 |       0 |     280 |   0.0 |  5429
               +---------+---------+-------+---------+---------+-------+---------
           D:1 |       0 |      28 |   0.0 |       0 |      14 |   0.0 |   281
           D:2 |       0 |       8 |   0.0 |       0 |       6 |   0.0 |   101
           D:3 |       0 |      55 |   0.0 |       0 |      13 |   0.0 |   149
           D:4 |       0 |      58 |   0.0 |       0 |       7 |   0.0 |   370
           D:5 |       0 |     389 |   0.0 |       0 |      12 |   0.0 |   265
           D:6 |       0 |     974 |   0.0 |       0 |      24 |   0.0 |   925
           D:7 |       0 |     278 |   0.0 |       0 |       6 |   0.0 |   289
           D:8 |       0 |    1919 |   0.0 |       0 |      23 |   0.0 |   540
           D:9 |       0 |    1101 |   0.0 |       0 |      14 |   0.0 |   283
          D:10 |       0 |    2816 |   0.0 |       0 |      34 |   0.0 |   570
        Temple |       0 |      44 |   0.0 |       0 |       2 |   0.0 |   224
         Orc:1 |       0 |    4101 |   0.0 |       0 |      40 |   0.0 |   389
         Orc:2 |       0 |    4895 |   0.0 |       0 |      26 |   0.0 |   349
         Elf:1 |       0 |     322 |   0.0 |       0 |       1 |   0.0 |    73
         Sewer |       0 |     375 |   0.0 |       0 |      20 |   0.0 |   509
       Ossuary |       0 |     286 |   0.0 |       0 |      38 |   0.0 |   112
               +---------+---------+-------+---------+---------+-------+---------
